Map: Bridgehead LE (Void)

Players

SticklerMac

  • Race: Terran Terran
  • League: Bronze

간다간다뿅간다 - Winner!

  • Race: Zerg Zerg
  • League: Bronze

VOD

Have the link to the VOD?

Description

Time

  • Played on: July 26, 2015, 1:37 a.m.
  • Length: 10:20
Show
View Real Time Build Order
Export as new Build Order

SticklerMac Terran 

Build Orders: MMM Bio 

Get SALT Encoding   

  12  0:01  SCV  
  13  0:13  SCV  
  14  0:21  Supply Depot  
  14  0:25  SCV  
  15  0:43  SCV  
  15  0:48  Barracks  
  16  1:07  SCV  
  17  1:14  Command Center  
  17  1:19  SCV  
  17  1:24  Refinery  
  18  1:31  SCV  
  19  1:38  Marine  
  20  1:43  SCV  
  21  1:55  SCV  
  21  2:01  Marine  
  23  2:10  Supply Depot  
  23  2:25  SCV  
  23  2:27  Barracks  
  23  2:28  SCV  
  25  2:37  SCV  
  25  2:40  SCV, Supply Depot  
  27  2:50  SCV  
  28  2:52  SCV  
  28  2:57  Marine  
  30  3:10  SCV x2  
  32  3:14  Marine  
  32  3:15  Barracks Tech Lab, Barracks  
  33  3:22  SCV x2  
  35  3:34  SCV x2  
  35  3:40  Engineering Bay  
  37  3:43  Supply Depot  
  37  3:47  Orbital Command  
  38  3:51  Orbital Command  
  37  4:07  Engineering Bay  
  37  4:14  Marine  
  37  4:15  Marine  
  37  4:16  Marine  
  40  4:18  Stimpack  
  40  4:23  Barracks  
  31  4:35  Barracks  
  31  4:36  Marine  
  31  4:38  Marine x2  
  27  4:55  Marine  
  27  4:56  Marine x2  
  30  5:10  SCV x2  
  30  5:11  Barracks  
  30  5:13  Marine x2  
  34  5:14  Marine  
  34  5:18  Supply Depot  
  35  5:23  Marine  
  36  5:31  Marine  
  36  5:33  Marine x2  
  39  5:41  Marine  
  40  5:49  Marine  
  41  5:51  Marine  
  42  6:12  Marine x4  
  42  6:13  Marine x2  
  48  6:30  Marine x6  
  50  6:40  Terran Infantry Weapons Level 1, Terran Infantry Armor Level 1  
  42  6:48  Marine x6  
  43  7:05  Marine  
  43  7:06  Marine x5  
  49  7:10  Combat Shields  
  41  7:23  Marine  
  41  7:24  Marine x2  
  35  7:42  Marauder  
  35  7:43  Marine x5  
  32  8:00  Marine  
  32  8:01  Marine x4  
  32  8:03  Marauder  
  37  8:18  Marine  
  37  8:19  Marine x4  
  42  8:24  Marine  
  42  8:36  Marine x3  
  42  8:37  Marine x2  
  46  8:42  Marine  
  47  8:54  Marine x4  
  47  8:55  Marine  
  52  9:00  Marine  
  52  9:12  Marine x2  
  54  9:29  Marine x4  
  54  9:30  Marine x2  
  58  9:47  Marine x4  
  58  9:50  Marine  
Show
View Real Time Build Order
Export as new Build Order

간다간다뿅간다 Zerg - Winner!

Build Orders: Hatch First 

Get SALT Encoding   

  12  0:02  Drone  
  13  0:09  Drone  
  14  0:18  Extractor  
  14  0:19  Drone  
  15  0:22  Overlord  
  15  0:49  Drone  
  16  0:50  Hatchery  
  16  0:53  Drone  
  16  0:59  Extractor  
  16  1:00  Drone, Extractor  
  16  1:04  Drone  
  16  1:15  Drone  
  17  1:23  Spawning Pool  
  16  1:29  Drone  
  17  1:37  Drone  
  18  1:46  Pneumatized Carapace  
  18  1:53  Drone  
  19  2:05  Drone  
  19  2:06  Drone x2  
  22  2:14  Queen  
  24  2:22  Overlord  
  24  2:32  Queen  
  26  2:46  Metabolic Boost  
  26  2:47  Zergling x2  
  26  2:48  Zergling x4  
  29  2:58  Drone  
  29  2:59  Drone x2  
  29  3:03  Drone  
  34  3:05  Zergling x2  
  34  3:17  Zergling x4  
  36  3:24  Overlord x2  
  36  3:41  Overlord x2  
  36  4:16  Hatchery  
  35  4:18  Queen x2  
  33  5:07  Lair  
  33  5:08  Drone x4  
  33  5:09  Drone x13  
  50  5:30  Extractor x2  
  50  5:35  Drone  
  49  5:46  Drone x2  
  49  5:47  Drone x6  
  49  5:48  Drone  
  58  6:06  Spine Crawler  
  57  6:16  Zergling x24  
  57  6:17  Zergling x2  
  70  6:26  Spine Crawler  
  56  6:53  Zergling x2  
  56  6:54  Zergling x26  
  68  7:04  Drone  
  69  7:16  Infestation Pit  
  68  7:35  Hatchery  
  67  7:37  Overlord x3  
  67  7:38  Overlord x4  
  66  8:26  Drone x5  
  72  8:27  Drone x3  
  72  8:29  Extractor  
  72  8:30  Extractor  
  63  8:47  Zergling x2  
  63  8:48  Zergling x24  
  76  8:56  Hive  
  73  9:11  Zergling x2  
  73  9:12  Zergling x10  
  73  9:16  Queen  
  81  9:29  Zergling x2  
  81  9:30  Zergling x34  
  80  10:00  Zergling x12  
  80  10:01  Zergling x6  
Tags
 
Add a new tag
Caveats
  • Supply blocks, unpowered buildings, or Contaminate may cause inaccurate times.
  • Supply counts are checked every 10 seconds.